AoeStats
← Tt5

Migration

510207871Analyzed
1v1 RM · 20h ago on Sep 30, 2026· 23m 18s· 2 players
Game mode
Random Map
Map size
132×132
Population
200
Speed
Normal
Resources
Standard
Victory
Conquest
Starting age
Dark Age
Ending age
Imperial Age
RankedLock teamsTeams togetherTeam positionsShared explorationLock speedFull tech treeHidden civsTurbo modeCheats
Victory
Defeat
🇨🇦 Wu · Canada
506
+13
🇺🇸 Celts · United States
451
-13
hubssha2
3:46 Loom
14:35 Feudal Age
20:37 Castle Age
Tt5
0:51 Loom
11:25 Feudal Age
18:17 Fishing Lines
21:01 Castle Age
23:05 Medium Warships
Connection lost

Rejoining the realm…

Still unreachable

The connection could not be restored.

Session expired

The server has moved on; the page needs a fresh start.